 Dungeon Crawl Stone Soup version 0.17.0-28-g6e173f8 (console) character file.

27727 Kloppie the Bludgeoner (level 13, 0/96 HPs)
             Began as a Formicid Fighter on Nov 29, 2015.
             Was an Elder of Elyvilon.
             Slain by a polar bear (6 damage)
             ... on level 6 of the Lair of Beasts.
             The game lasted 00:33:28 (17331 turns).

Kloppie the Bludgeoner (Formicid Fighter)          Turns: 17331, Time: 00:33:28

Health: 0/96       AC: 22    Str: 21    XL:     13   Next: 68%
Magic:  0/20       EV: 10    Int:  9    God:    Elyvilon [****..]
Gold:   1334       SH: 12    Dex: 14    Spells: 0 memorised, 12 levels left

rFire  + . .     SeeInvis +     i - +2 morningstar (protect)
rCold  . . .     Clarity  .     P - +2 scale mail {rF+}
rNeg   . . .     SustAt   .     c - +0 shield
rPois  .         Gourm    .     (helmet unavailable)
rElec  .         Spirit   +     l - +1 cloak {+Inv}
rCorr  .         Warding  .     q - +1 pair of gloves
rMut   .         Stasis   +     r - +0 pair of boots
MR     +....                    s - amulet of guardian spirit
Stlth  ..........               (no ring)
                                L - ring of wizardry

@: lethally poisoned (0 -> -16), somewhat resistant to hostile enchantments,
extremely unstealthy
A: permanent stasis, dig shafts and tunnels, four strong arms, antennae 3
a: Dig, Shaft Self, Lesser Healing, Heal Other, Purification, Greater Healing,
Divine Protection, Renounce Religion, Evoke Invisibility


You were on level 6 of the Lair of Beasts.
You worshipped Elyvilon.
Elyvilon was greatly pleased with you.
You were hungry.

You visited 3 branches of the dungeon, and saw 16 of its levels.
You also visited: Labyrinth and Sewer.

You collected 1334 gold pieces.

Inventory:

Hand Weapons
 a - a +0 dire flail
 i - a +2 morningstar of protection (weapon)
Armour
 c - a +0 shield (worn)
 l - a +1 cloak of invisibility (worn)
 q - a +1 pair of gloves (worn)
 r - a +0 pair of boots (worn)
 P - a +2 scale mail of fire resistance (worn)
Rods
 J - a +1 rod of the swarm (10/10)
   (You found it on level 1 of the Lair of Beasts)
Jewellery
 d - the ring "Taumaz" {+Fly rC+ MP+9 Str-5 Slay+6}
   (You found it in a labyrinth)

   [ring of flight]

   It affects your strength (-5).
   It affects your accuracy and damage with ranged weapons and melee attacks
   (+6).
   It protects you from cold.
   It affects your magic capacity (+9).
   It lets you fly.
 s - an amulet of guardian spirit (around neck)
 C - an uncursed ring of fire
 L - a ring of wizardry (left hand)
Wands
 f - a wand of paralysis (12)
 h - a wand of digging (14)
 O - a wand of fire (7)
Scrolls
 n - 2 scrolls of enchant armour
 o - 12 scrolls of remove curse
 u - a scroll of fear
 v - 2 scrolls of noise
 U - a scroll of magic mapping
Potions
 j - 2 potions of invisibility
 k - 8 potions of curing
 p - 3 potions of agility
 t - 3 potions of brilliance
 w - 3 potions of ambrosia
 x - 4 potions of flight
 z - a potion of lignification
 D - a potion of poison {unknown}
 H - 2 potions of cancellation {unknown}
 K - a potion of berserk rage {unknown}
 R - 2 potions of magic {unknown}
 V - a potion of degeneration {unknown}
Miscellaneous
 Q - a disc of storms
Comestibles
 e - 6 bread rations
 m - 9 meat rations


   Skills:
 + Level 7.5 Fighting
 + Level 15.2 Maces & Flails
 - Level 10.8 Armour
 - Level 9.5 Shields
 - Level 10.0 Invocations


You had 12 spell levels left.
You didn't know any spells.

Dungeon Overview and Level Annotations

Branches:
Dungeon (9/15)             Temple (1/1) D:4            Lair (6/8) D:9
 Shoals (0/4) Lair:3       Spider (0/4) Lair:4
  Slime: Lair:6-8       Orc: D:9-12

Altars:
Ashenzari
Cheibriados
Elyvilon
Fedhas
Gozag
Kikubaaqudgha
Makhleb
Nemelex Xobeh
Okawaru
Qazlal
Sif Muna
Trog
Vehumet
Xom
Yredelemnul
Zin

Shops:
D:5 (

Annotations:
D:2 Sigmund


Innate Abilities, Weirdness & Mutations

You are under a permanent stasis effect.
You can dig through walls and to a lower floor.
Your four strong arms can wield two-handed weapons with a shield.
You have a pair of large antennae on your head (SInv).


Message History

You block the polar bear's attack.
You hit the spiny frog.
The spiny frog is moderately wounded.
You feel sick. The polar bear bites you!!
* * * LOW HITPOINT WARNING * * *
The polar bear claws you but does no damage.
The polar bear claws you.
* * * LOW HITPOINT WARNING * * *
You block the spiny frog's attack.
You hit the spiny frog but do no damage.
The spiny frog is moderately wounded.
* * * LOW HITPOINT WARNING * * *
You feel sick. The polar bear closely misses you.
You block the polar bear's attack.
The polar bear claws you but does no damage.
The spiny frog stings you but does no damage.
You don't have enough magic at the moment.
* * * LOW HITPOINT WARNING * * *
You feel sick. You block the polar bear's attack. The polar bear claws you.
You die...

#.....##.#..........
##....####.......P..
#.#..## ###..[##...[
#.#..≈###......#....
###....≈...#....##..##
#P..###≈≈######## ###
##...#≈≈≈≈≈.. {{
#...##≈≈≈##.#
#...@h####...
##...FS...... {
##...†......
#.PP.......
####....... .....#≈
......≈ .....≈≈
......≈


You could see a polar bear (berserk), a spiny frog and a water moccasin.

Vanquished Creatures
  A minotaur (Lab)
  The ghost of Kloppie the Pacifist, a journeyman CeFi of Elyvilon (Lair:1)
  Fannar (Lair:1)
  3 hydras
  The ghost of subsebi the Chopper, a novice DsCK of Xom (D:9)
  A queen ant (Lair:5)
  An orb spider (Lair:4)
  Maurice (D:9)
  A siren (Lair:3)
  2 torpor snails
  5 black mambas
  8 spiny frogs
  4 komodo dragons
  2 fire drakes (Lair:3)
  4 polar bears (Lair:6)
  5 blink frogs (Lair:6)
  A human (D:9)
  5 wolves (Lair:1)
  15 yaks
  6 hippogriffs
  5 hungry ghosts
  5 soldier ants
  5 orc warriors
  8 porcupines
  5 water moccasins
  An eye of draining (D:9)
  2 phantoms (D:7)
  An ice beast (D:5)
  6 ogres
  8 crocodiles
  3 big kobolds
  6 centaurs
  7 giant frogs
  A wyvern skeleton (D:8)
  2 scorpions
  2 water moccasin skeletons (D:8)
  9 killer bees
  4 wights (D:7)
  An electric eel (Lair:3)
  4 crimson imps
  A gnoll shaman (D:8)
  5 orc priests
  A centaur zombie (D:8)
  5 iguanas
  9 orc wizards
  2 centaur skeletons (D:9)
  3 giant frog skeletons
  9 hounds
  31 worker ants
  10 sheep
  A killer bee zombie (D:8)
  3 hound zombies
  A worker ant zombie (D:7)
  11 adders
  8 gnolls
  20 river rats
  An ooze (D:5)
  5 worms
  2 adder skeletons
  5 giant geckos
  34 orcs
  2 ball pythons
  6 giant cockroaches
  10 hobgoblins
  19 kobolds
  8 bats
  A giant cockroach zombie (D:6)
  2 giant newts
  9 goblins
  6 jackals
  A jackal skeleton (D:5)
  A quokka (D:6)
  5 rats
  A fungus (D:9)
391 creatures vanquished.

Vanquished Creatures (others)
  7 fungi
  6 plants
13 creatures vanquished.

Grand Total: 404 creatures vanquished

Notes
Turn   | Place    | Note
--------------------------------------------------------------
     0 | D:1      | Kloppie the Formicid Fighter began the quest for the Orb.
     0 | D:1      | Reached XP level 1. HP: 18/18 MP: 1/1
   207 | D:1      | Reached skill level 4 in Shields
   207 | D:1      | Reached XP level 2. HP: 24/24 MP: 2/2
   575 | D:2      | Noticed Sigmund
   600 | D:1      | Reached XP level 3. HP: 25/29 MP: 3/3
   913 | D:3      | Reached XP level 4. HP: 26/35 MP: 4/4
  1011 | D:3      | Reached skill level 5 in Shields
  1086 | D:3      | Reached XP level 5. HP: 37/41 MP: 5/5
  1173 | D:3      | Found a glowing silver altar of Zin.
  1278 | D:3      | Found a faded altar to an unknown god.
  1425 | D:3      | Found a radiant altar of Vehumet.
  1425 | D:3      | Found a burning altar of Makhleb.
  1893 | D:4      | Reached XP level 6. HP: 47/47 MP: 6/6
  2089 | D:4      | Found a staircase to the Ecumenical Temple.
  2097 | Temple   | Entered the Ecumenical Temple
  2193 | Temple   | Became a worshipper of Elyvilon the Healer
  2230 | D:4      | Reached skill level 6 in Shields
  2430 | D:4      | Found a stormy altar of Qazlal.
  2530 | D:4      | Noticed an ogre
  2540 | D:4      | Killed an ogre
  2540 | D:4      | Reached skill level 5 in Maces & Flails
  2540 | D:4      | Reached XP level 7. HP: 17/52 MP: 7/7
  2827 | D:5      | Entered Level 5 of the Dungeon
  2986 | D:5      | Reached skill level 7 in Shields
  3016 | D:5      | Found Uteon's Weapon Shoppe.
  3190 | D:5      | Reached * piety under Elyvilon
  3401 | D:5      | Noticed a hippogriff
  3418 | D:5      | Killed a hippogriff
  3580 | D:5      | Reached skill level 8 in Shields
  3580 | D:5      | Reached XP level 8. HP: 36/58 MP: 8/8
  4617 | D:6      | Found a glowing drain.
  4640 | D:6      | Reached skill level 9 in Shields
  4665 | Sewer    | Entered a sewer
  5101 | D:6      | Reached XP level 9. HP: 64/64 MP: 9/9
  5109 | D:6      | Reached ** piety under Elyvilon
  5254 | D:6      | Reached skill level 1 in Invocations
  5428 | D:7      | Identified a scroll of acquirement
  5911 | D:7      | Reached skill level 5 in Invocations
  6632 | D:8      | Reached XP level 10. HP: 17/70 MP: 12/14
  6674 | D:7      | HP: 3/70 [poisoned by a killer bee]
  6681 | D:7      | HP: 3/70 [poisoned by a killer bee]
  6689 | D:7      | HP: 2/70 [poisoned by a killer bee]
  7288 | D:8      | Reached skill level 10 in Maces & Flails
  7722 | D:8      | Reached *** piety under Elyvilon
  8669 | D:9      | Noticed Maurice
  8763 | D:9      | Killed Maurice
  8763 | D:9      | Reached skill level 11 in Maces & Flails
  8763 | D:9      | Reached XP level 11. HP: 75/75 MP: 18/18
  8829 | D:9      | Found a staircase to the Lair.
  8868 | D:9      | Reached skill level 10 in Invocations
  9121 | D:9      | Noticed subsebi's ghost (novice DsCK)
  9202 | D:9      | Killed subsebi's ghost
  9240 | D:9      | Reached skill level 5 in Armour
  9483 | Lair:1   | Entered Level 1 of the Lair of Beasts
  9622 | Lair:1   | Reached **** piety under Elyvilon
  9698 | Lair:1   | Noticed Kloppie's ghost (journeyman CeFi)
  9726 | Lair:1   | Killed Kloppie's ghost
  9739 | Lair:1   | Found a labyrinth entrance.
  9748 | Lab      | Entered a labyrinth
  9846 | Lab      | Reached skill level 12 in Maces & Flails
 10042 | Lab      | Noticed a minotaur
 10062 | Lab      | Killed a minotaur
 10068 | Lab      | Got a glittering glass ring
 10068 | Lab      | Identified Horhorat's Tome of Arcane Weapons
 10406 | Lair:1   | Noticed Fannar
 10432 | Lair:1   | Killed Fannar
 11031 | Lair:1   | Identified the ring "Taumaz" {+Fly rC+ MP+9 Str-5 Slay+6} (You found it in a labyrinth)
 11055 | Lair:2   | Noticed a five-headed hydra
 11057 | Lair:2   | Pacified a five-headed hydra
 11057 | Lair:2   | Reached XP level 12. HP: 81/81 MP: 10/19
 11606 | Lair:2   | Reached skill level 13 in Maces & Flails
 12277 | Lair:3   | Reached ***** piety under Elyvilon
 13142 | Lair:3   | Noticed Sonja
 13143 | Lair:3   | Pacified Sonja
 13162 | Lair:3   | Reached skill level 10 in Armour
 13566 | Lair:3   | Found a staircase to the Shoals.
 13927 | Lair:4   | Reached skill level 14 in Maces & Flails
 13972 | Lair:4   | Found a hole to the Spider Nest.
 14084 | Lair:4   | Reached XP level 13. HP: 86/86 MP: 20/20
 14619 | Lair:5   | Identified a +1 rod of the swarm (10/10) (You found it on level 1 of the Lair of Beasts)
 14620 | Lair:5   | Identified a -3 rod of destruction (11/11) (You found it in a labyrinth)
 15811 | Lair:5   | Reached skill level 5 in Fighting
 16817 | Lair:6   | Reached skill level 15 in Maces & Flails
 17331 | Lair:6   | Slain by a polar bear

Action                   |  1- 3 |  4- 6 |  7- 9 | 10-12 | 13-15 || total
-------------------------+-------+-------+-------+-------+-------++-------
Melee: Flail             |    93 |   147 |   269 |       |       ||   509
       Dire flail        |       |       |   144 |   686 |       ||   830
       Morningstar       |       |       |       |   315 |   443 ||   758
Invok: Lesser Healing    |       |       |     1 |       |       ||     1
       Heal Other        |       |       |       |     3 |       ||     3
       Greater Healing   |       |       |       |     1 |     5 ||     6
 Abil: Dig               |       |       |     2 |     3 |     3 ||     8
  Use: Scroll            |       |       |    20 |     5 |     2 ||    27
       Potion            |       |       |       |     6 |       ||     6
  Eat: Chunk             |       |     6 |    16 |    24 |     8 ||    54
       Pizza             |       |       |       |     7 |       ||     7
       Bread ration      |       |       |       |     1 |     1 ||     2
       Beef jerky        |       |       |       |     1 |       ||     1
